 Dungeon Crawl Stone Soup version 0.28.0-45-g0d030f2227 (webtiles) character file.

Game seed: 11429472379809011744

85 MisterFreud the Covert (level 4, -2/41 HPs)
             Began as a Gnoll Delver on May 27, 2022.
             Slain by an iguana (12 damage)
             ... on level 5 of the Dungeon.
             The game lasted 00:01:46 (544 turns).

MisterFreud the Covert (Gnoll Delver)                Turns: 544, Time: 00:01:47

Health: -2/41      AC:  3    Str: 11    XL:     4   Next: 48%
Magic:  5/5        EV: 13    Int: 11    God:
Gold:   19         SH:  0    Dex: 14    Spells: 5/5 levels left

rFire   . . .      SeeInvis .   a - +0 short sword
rCold   . . .      Faith    .   (no shield)
rNeg    . . .      Spirit   .   b - +0 leather armour
rPois   .          Reflect  .   (no helmet)
rElec   .          Harm     .   (no cloak)
rCorr   .          Rampage  .   (no gloves)
Will    .....                   (no boots)
Stlth   ++++......              (no amulet)
HPRegen 0.13/turn               (no ring)
MPRegen 0.09/turn               (no ring)

@: no status effects
A: fangs 1, strong nose, distributed training
a: no special abilities


You were on level 5 of the Dungeon.
You visited 1 branch of the dungeon, and saw 2 of its levels.

You collected 19 gold pieces.

Inventory:

Hand Weapons
 a - a +0 short sword (weapon)
Armour
 b - a +0 leather armour (worn)
Wands
 g - a wand of digging (3)
 j - a wand of iceblast (5)
Scrolls
 c - a scroll of fog
 d - a scroll of magic mapping
 e - a scroll of fear
 k - a scroll of enchant armour
Potions
 f - a potion of haste


   Skills:
 + Level 6.6 Fighting
 + Level 4.6 Short Blades
 + Level 1.1 Long Blades
 + Level 1.1 Axes
 + Level 1.1 Maces & Flails
 + Level 1.1 Polearms
 + Level 1.1 Staves
 + Level 1.1 Slings
 + Level 1.1 Bows
 + Level 1.1 Crossbows
 + Level 1.1 Throwing
 + Level 1.1 Armour
 + Level 4.6 Dodging
 + Level 9.6 Stealth
 + Level 1.1 Shields
 + Level 1.1 Unarmed Combat
 + Level 1.1 Spellcasting
 + Level 0.9 Conjurations
 + Level 0.9 Hexes
 + Level 0.9 Summonings
 + Level 0.9 Necromancy
 + Level 0.9 Translocations
 + Level 0.9 Transmutations
 + Level 0.9 Fire Magic
 + Level 0.9 Ice Magic
 + Level 0.9 Air Magic
 + Level 0.9 Earth Magic
 + Level 0.9 Poison Magic
 + Level 1.2 Invocations
 + Level 1.1 Evocations


You had 5 spell levels left.
You didn't know any spells.
Your spell library was empty.

Dungeon Overview and Level Annotations

Branches:
Dungeon (6/15)
 Temple: D:4-7

Altars:


Innate Abilities, Weirdness & Mutations

You have very sharp teeth.
Your uncanny sense of smell can sniff out nearby items.
Your experience applies equally to all skills.


Message History

The hound bites you.
* * * LOW HITPOINT WARNING * * *
You hit the hound.
The hound is severely wounded.
The hound completely misses you. The hound barely misses you.
You closely miss the hound. You punch the hound. You bite the hound.
You kill the hound!
You have reached level 4!
You feel agile.
Unknown command.
Found an escape hatch in the ceiling.
There is an escape hatch in the ceiling here.
You feel your willpower return. A mysterious force pulls you upwards.
The hatch slams shut behind you.
The iguana hisses angrily.
Found a stone staircase leading down.
You hit the iguana but do no damage. The iguana closely misses you.
You are confused.
You feel invigorated. The iguana closely misses you.
You hit the iguana but do no damage. The iguana bites you!
* * * LOW HITPOINT WARNING * * *
You bump into the rock wall.
The iguana barely misses you.
You're too confused to move!
The iguana barely misses you.
You bump into the rock wall.
You feel less invigorated.
You feel less confused. The iguana bites you.
You barely miss the iguana. The iguana barely misses you.
You hit the iguana. You bite the iguana.
The iguana is moderately wounded.
You barely miss the iguana.
The iguana is moderately wounded.
The iguana bites you!
You closely miss the iguana. You bite the iguana, but do no damage.
The iguana is moderately wounded.
The iguana bites you.
* * * LOW HITPOINT WARNING * * *
You barely miss the iguana.
The iguana is moderately wounded.
The iguana bites you!
You die...

## ## ### .#.
##.#######
#.###...#....
#@##Z.....#
#l###...#.#
#.......>.#
######.####
#.# #+#


You could see an iguana.

Vanquished Creatures
  A water moccasin skeleton (D:5)
  A hound (D:6)
  An adder (D:5)
3 creatures vanquished.

Notes
Turn   | Place    | Note
-------+----------+-------------------------------------------
     0 | D:5      | Reached skill level 9 in Stealth
     0 | D:5      | MisterFreud the Gnoll Delver began the quest for the Orb.
     0 | D:5      | Reached XP level 1. HP: 23/23 MP: 1/1
    31 | D:6      | Noticed a sky beast
   123 | D:5      | Reached XP level 2. HP: 10/29 MP: 2/2
   138 | D:5      | Reached skill level 1 in Long Blades
   138 | D:5      | Reached skill level 1 in Axes
   138 | D:5      | Reached skill level 1 in Maces & Flails
   138 | D:5      | Reached skill level 1 in Polearms
   138 | D:5      | Reached skill level 1 in Staves
   138 | D:5      | Reached skill level 1 in Slings
   138 | D:5      | Reached skill level 1 in Bows
   138 | D:5      | Reached skill level 1 in Crossbows
   138 | D:5      | Reached skill level 1 in Throwing
   138 | D:5      | Reached skill level 1 in Armour
   138 | D:5      | Reached skill level 1 in Shields
   138 | D:5      | Reached skill level 1 in Unarmed Combat
   138 | D:5      | Reached skill level 1 in Spellcasting
   138 | D:5      | Reached skill level 1 in Invocations
   138 | D:5      | Reached skill level 1 in Evocations
   138 | D:5      | Reached XP level 3. HP: 5/35 MP: 2/4
   513 | D:6      | Reached XP level 4. HP: 9/41 MP: 5/5
   544 | D:5      | Slain by an iguana

Illustrated notes

Levels and vault maps discovered:
D:5:      layout_loops_corners, uniq_sigmund
D:6:      layout_basic, uniq_eustachio, uniq_crazy_yiuf_cottage, uniq_grinder,
          uniq_maggie

Skill      XL: |  1  2 |
---------------+-------+-----
Stealth        | |  9.6
Long Blades    | 1 |  1.1
Axes           | 1 |  1.1
Maces & Flails | 1 |  1.1
Polearms       | 1 |  1.1
Staves         | 1 |  1.1
Slings         | 1 |  1.1
Bows           | 1 |  1.1
Crossbows      | 1 |  1.1
Throwing       | 1 |  1.1
Armour         | 1 |  1.1
Shields        | 1 |  1.1
Unarmed Combat | 1 |  1.1
Spellcasting   | 1 |  1.1
Invocations    | 1 |  1.2
Evocations     | 1 |  1.1
Fighting       | |  6.6
Short Blades   | |  4.6
Dodging        | |  4.6
Conjurations   | |  0.9
Hexes          | |  0.9
Summonings     | |  0.9
Necromancy     | |  0.9
Translocations | |  0.9
Transmutations | |  0.9
Fire Magic     | |  0.9
Ice Magic      | |  0.9
Air Magic      | |  0.9
Earth Magic    | |  0.9
Poison Magic   | |  0.9

Action                   |  1- 3 |  4- 6 || total
-------------------------+-------+-------++-------
Melee: Short sword       |    43 |     7 ||    50
       Bite              |     4 |     2 ||     6
       Punch             |     1 |       ||     1
  Use: Scroll            |     2 |       ||     2
       Potion            |     1 |     1 ||     2
Armor: Leather armour    |     7 |       ||     7
Dodge: Dodged            |    48 |     5 ||    53
